 Dungeon Crawl Stone Soup version 0.19.0-2-gae57169 (webtiles) character file.

9788 Monkfish the Unseen (level 11, -7/103 HPs)
             Began as a Kobold Berserker on Nov 6, 2016.
             Was an Elder of Trog.
             Mangled by a stone giant (10 damage)
             ... in a volcano.
             The game lasted 00:25:36 (10025 turns).

Monkfish the Unseen (Kobold Berserker)             Turns: 10025, Time: 00:25:37

Health: -7/103     AC: 11    Str: 24    XL:     11   Next: 80%
Magic:  0/11       EV: 20    Int:  8    God:    Trog [****..]
Gold:   688        SH:  0    Dex: 17    Spells: 0 memorised, 10 levels left

rFire  . . .     SeeInvis .     w - +2 dagger (holy)
rCold  . . .     Gourm    .     p - +3 ring mail of the Guild-Master {rElec}
rNeg   . . .     Faith    .     (shield restricted)
rPois  .         Spirit   +     (no helmet)
rElec  +         Reflect  .     (no cloak)
rCorr  .         Harm     .     F - +0 pair of gloves
MR     ++...                    m - +1 pair of boots
Stlth  ..........               d - amulet of guardian spirit
                                a - +3 ring of strength
                                k - ring of stealth

@: berserking, very slightly contaminated, regenerating, invisible, very quick
A: carnivore 3
a: Berserk, Trog's Hand, Brothers in Arms, Burn Spellbooks, Renounce Religion


You were in a volcano.
You worshipped Trog.
Trog was greatly pleased with you.
You were very full.

You visited 2 branches of the dungeon, and saw 12 of its levels.
You also visited: Volcano.

You collected 688 gold pieces.

Inventory:

Hand Weapons
 w - a +2 dagger of holy wrath (weapon)
 y - a +2 dagger of chaos
 J - a cursed +3 dagger
Armour
 m - a +1 pair of boots (worn)
 p - the +3 ring mail of the Guild-Master (worn) {rElec}
   (You found it on level 4 of the Dungeon)

   It insulates you from electricity.
 C - a +0 troll leather armour
 F - a +0 pair of gloves (worn)
Jewellery
 a - a +3 ring of strength (right hand)
 d - an amulet of guardian spirit (around neck)
 k - a ring of stealth (left hand)
 q - an uncursed ring of flight
Wands
 j - a wand of enslavement (8/24)
 r - a wand of paralysis (10/24)
 u - a wand of lightning (10/15)
 x - a wand of slowing (31/48)
 D - a wand of heal wounds (6/9)
 E - a wand of heal wounds (0/9)
Scrolls
 b - 2 scrolls of teleportation
 g - 2 scrolls of recharging
 o - 2 scrolls of fear
 t - a scroll of blinking
 B - a scroll of fog
 G - 4 scrolls of identify
 H - 3 scrolls of remove curse
Potions
 e - 2 potions of curing
 f - a potion of brilliance
 i - 2 potions of might
 l - 2 potions of flight
 s - 2 potions of heal wounds
 v - a potion of invisibility
 A - 2 potions of resistance
 K - a potion of agility
Comestibles
 c - 7 meat rations
 h - 2 beef jerkies
 n - 2 royal jellies
 z - 3 slices of pizza


   Skills:
 + Level 8.7 Fighting
 + Level 10.9 Short Blades
 - Level 1.5 Armour
 + Level 9.0 Dodging
 * Level 16.1 Stealth
 + Level 0.8 Evocations


You had 10 spell levels left.
You didn't know any spells.

Dungeon Overview and Level Annotations

Branches:
Dungeon (11/15)            Temple (0/1) D:4            Lair (1/6) D:8
    Orc: D:9-12

Altars:
Fedhas
Gozag
Kikubaaqudgha
Makhleb
Trog
Uskayaw
Xom

Shops:
D:11 (


Innate Abilities, Weirdness & Mutations

You are small and have problems with some larger weapons.
You are carnivorous and can eat meat at any time.


Message History

* * * LOW HITPOINT WARNING * * *
You see here a large rock.
You fade into invisibility!
The stone giant throws a large rock.
The large rock misses you.
You are very lightly contaminated with residual magic.
You see here a large rock.
A red film seems to cover your vision as you go berserk!
You feel yourself moving faster!
You feel mighty! The stone giant hits you!!
* * * LOW HITPOINT WARNING * * *
You catch the helpless stone giant completely off-guard!
You perforate the stone giant like a sieve!!!
The stone giant is severely wounded.
You hit the stone giant but do no damage.
The stone giant is severely wounded.
You puncture the stone giant!
The stone giant is severely wounded.
You hit the stone giant.
The stone giant is severely wounded.
The stone giant hits you!
You die...

#...##..#
##........
#....≈≈≈≈≈
##...≈≈≈≈§≈
##...≈≈§≈≈§§
#..(≈§≈≈≈≈≈≈
##(..§§§≈§≈≈≈
####(...§≈§≈≈≈§§
#.C@.....§≈≈≈≈§
#..######§.....§
#.≈# ###### #.§
.). $$!≈ ≈.$[
≈≈≈≈


You could see a stone giant.

Vanquished Creatures
  A hydra (D:7)
  A hill giant (D:11)
  Psyche (D:8)
  A spiny frog (Lair:1)
  A komodo dragon (Lair:1)
  3 trolls
  2 blink frogs (Lair:1)
  Grinder (D:4)
  2 hippogriffs
  6 yaks
  A vampire (D:11)
  A wyvern (D:10)
  A porcupine (Lair:1)
  3 black bears
  5 orc warriors
  2 ice beasts
  A necrophage (D:8)
  A phantom (D:5)
  2 sky beasts
  2 ogres
  2 crocodiles (Lair:1)
  3 centaurs
  3 bullfrogs
  A wyvern skeleton (D:7)
  A scorpion (D:10)
  10 wights
  6 killer bees (D:10)
  The ghost of Philosophy the Shooter, a weakling CeHu (D:3)
  9 electric eels (D:10)
  2 howler monkeys (D:10)
  9 crimson imps
  2 jellies
  A quasit (D:5)
  4 orc priests
  5 hounds
  A bullfrog skeleton (D:10)
  A gnoll shaman (D:8)
  An iguana (D:10)
  13 orc wizards
  4 worker ants
  A howler monkey zombie (D:6)
  2 worker ant zombies
  2 howler monkey skeletons (D:5)
  10 gnolls
  12 adders
  A shadow imp (D:8)
  4 adder skeletons
  An adder zombie (D:6)
  3 worms
  2 dart slugs
  A leopard gecko (D:6)
  29 orcs
  A ball python (D:4)
  9 bats
  8 giant cockroaches
  6 goblins
  5 hobgoblins
  13 jackals
  3 quokkas
  3 frilled lizards
  10 kobolds
  7 rats
  A fungus (D:8)
251 creatures vanquished.

Vanquished Creatures (others)
  2 yaks (D:9)
  A centaur (D:10)
  An orc (D:10)
4 creatures vanquished.

Grand Total: 255 creatures vanquished

Notes
Turn   | Place    | Note
-------+----------+-------------------------------------------
     0 | D:1      | Monkfish the Kobold Berserker began the quest for the Orb.
     0 | D:1      | Reached XP level 1. HP: 14/14 MP: 1/1
   176 | D:1      | Reached XP level 2. HP: 18/19 MP: 2/2
   417 | D:1      | Reached skill level 1 in Stealth
   471 | D:1      | Reached XP level 3. HP: 16/23 MP: 3/3
  1079 | D:2      | Reached ** piety under Trog
  1080 | D:2      | Found a faded altar of an unknown god.
  1149 | D:2      | Reached skill level 5 in Short Blades
  1201 | D:2      | Reached XP level 4. HP: 22/29 MP: 4/4
  1256 | D:2      | Reached skill level 2 in Stealth
  1505 | D:2      | Found a hide-covered altar of Uskayaw.
  1505 | D:2      | Found a burning altar of Makhleb.
  1777 | D:3      | Reached XP level 5. HP: 25/33 MP: 5/5
  1781 | D:3      | Reached skill level 3 in Stealth
  2028 | D:3      | Noticed Philosophy's ghost (weakling CeHu)
  2042 | D:3      | Killed Philosophy's ghost
  2136 | D:3      | Reached XP level 6. HP: 38/38 MP: 3/6
  2142 | D:3      | Reached skill level 4 in Stealth
  2191 | D:3      | Reached *** piety under Trog
  2269 | D:3      | Found a blossoming altar of Fedhas.
  2468 | D:3      | Found a shimmering altar of Xom.
  2545 | D:3      | Reached skill level 5 in Stealth
  2678 | D:4      | Reached XP level 7. HP: 37/43 MP: 5/7
  2721 | D:4      | Noticed Grinder
  2722 | D:4      | Found a staircase to the Ecumenical Temple.
  2734 | D:4      | Killed Grinder
  2734 | D:4      | Reached skill level 6 in Stealth
  3644 | D:4      | Reached XP level 8. HP: 48/48 MP: 6/8
  3651 | D:4      | Got a transparent ring mail
  3653 | D:4      | Identified the +3 ring mail of the Guild-Master {rElec} (You found it on level 4 of the Dungeon)
  3774 | D:5      | Entered Level 5 of the Dungeon
  3802 | D:5      | Reached skill level 7 in Stealth
  3868 | D:5      | Reached skill level 5 in Fighting
  4216 | D:5      | Reached skill level 8 in Stealth
  4491 | D:5      | Reached skill level 5 in Dodging
  5157 | D:6      | Reached XP level 9. HP: 55/55 MP: 9/9
  5445 | D:6      | Found a faded altar of an unknown god.
  5445 | D:6      | Found an ancient bone altar of Kikubaaqudgha.
  5450 | D:6      | Found a faded altar of an unknown god.
  5452 | D:6      | Found a faded altar of an unknown god.
  5453 | D:6      | Found a faded altar of an unknown god.
  5558 | D:7      | Reached skill level 9 in Stealth
  5712 | D:7      | Found a bloodstained altar of Trog.
  5714 | D:7      | Noticed a seven-headed hydra
  5721 | D:7      | Killed a seven-headed hydra
  5721 | D:7      | Reached skill level 10 in Stealth
  5961 | D:8      | Noticed a hippogriff
  5965 | D:8      | Reached skill level 11 in Stealth
  5971 | D:8      | Killed a hippogriff
  5992 | D:8      | Noticed Psyche
  6001 | D:8      | Killed Psyche
  6001 | D:8      | Reached **** piety under Trog
  6001 | D:8      | Reached skill level 10 in Short Blades
  6001 | D:8      | Reached XP level 10. HP: 61/61 MP: 10/10
  6107 | D:8      | Found a staircase to the Lair.
  6217 | D:8      | Reached skill level 12 in Stealth
  6561 | D:9      | Reached skill level 13 in Stealth
  6838 | D:9      | Reached skill level 14 in Stealth
  6889 | D:9      | Identified the Catalogue of Ghastly Enhancements
  6984 | D:9      | Found an opulent altar of Gozag.
  7408 | D:10     | Entered Level 10 of the Dungeon
  7483 | D:10     | Reached XP level 11. HP: 56/66 MP: 9/11
  7633 | D:10     | Reached skill level 15 in Stealth
  9046 | D:11     | Noticed a red ugly thing
  9214 | D:11     | Noticed a hill giant
  9215 | D:11     | Found Wawnioty's Antique Weapon Emporium.
  9229 | D:11     | Killed a hill giant
  9522 | Lair:1   | Entered Level 1 of the Lair of Beasts
  9635 | Lair:1   | Reached skill level 16 in Stealth
  9891 | Lair:1   | Found a dark tunnel.
  9986 | Volcano  | Entered a volcano
 10007 | Volcano  | Noticed a stone giant
 10021 | Volcano  | HP: 1/103 [stone giant (29)]
 10025 | Volcano  | Mangled by a stone giant

Skill      XL: |  1  2  3  4  5  6  7  8  9 10 11 |
---------------+----------------------------------+-----
Stealth        | 1 2 3 5 6 8 11 14 16 | 16.1
Short Blades   | 5 6 7 8 10 | 10.9
Fighting       | 4 5 6 7 8 |  8.7
Dodging        | 3 4 5 6 7 9 |  9.0
Armour         | |  1.5
Evocations     | |  0.8

Action                   |  1- 3 |  4- 6 |  7- 9 | 10-12 || total
-------------------------+-------+-------+-------+-------++-------
Melee: Short sword       |   112 |   178 |       |       ||   290
       Dagger            |       |    19 |   422 |   765 ||  1206
Invok: Berserk           |     2 |     5 |     6 |    14 ||    27
       Trog's Hand       |       |     1 |     4 |    11 ||    16
       Burn Spellbooks   |       |       |     1 |     1 ||     2
Evoke: Wand              |       |     1 |     2 |     2 ||     5
  Use: Scroll            |     2 |     8 |    10 |     9 ||    29
       Potion            |       |     1 |     3 |     6 ||    10
 Stab: Sleeping          |     4 |     8 |    11 |    19 ||    42
       Confused          |       |     1 |     1 |       ||     2
       Paralysed         |       |       |     4 |       ||     4
       Petrifying        |       |       |     2 |     1 ||     3
       Distracted        |       |       |     2 |     3 ||     5
       Petrified         |       |       |     1 |       ||     1
       Invisible         |       |       |       |     1 ||     1
  Eat: Chunk             |    11 |     5 |    13 |    34 ||    63
       Meat ration       |       |       |     1 |       ||     1
Armor: Animal skin       |    11 |       |       |       ||    11
       Leather armour    |     5 |    28 |     5 |       ||    38
       Ring mail         |       |       |    94 |   108 ||   202
Dodge: Dodged            |   105 |   104 |   180 |   426 ||   815
